 Dungeon Crawl Stone Soup version 0.27.1-16-g815e20cd7a (webtiles) character file.

Game seed: 18333974693479541425

1726 bellerephron the Cleaver (level 8, -9/60 (62) HPs)
             Began as a Demonspawn Berserker on Nov 22, 2021.
             Was an Elder of Trog.
             Mangled by a wight (11 damage)
             ... on level 7 of the Dungeon.
             The game lasted 00:13:05 (7086 turns).

bellerephron the Cleaver (Demonspawn Berserker)     Turns: 7086, Time: 00:13:08

HP:   -9/60 (62)    AC:  6    Str: 19    XL:     8   Next: 75%
MP:   17/17         EV: 13    Int:  9    God:    Trog [****..]
Gold: 377           SH:  0    Dex: 13    Spells: 7/7 levels left

rFire    . . .     SeeInvis .   a - +0 hand axe (flame)
rCold    . . .     Faith    .   (no shield)
rNeg     . . .     Spirit   .   k - +0 leather armour
rPois    .         Reflect  .   (no helmet)
rElec    .         Harm     .   (no cloak)
rCorr    +         Rampage  .   (no gloves)
Will     .....                  (no boots)
Stlth    +.........             (no amulet)
HPRegen  0.20/turn              y - ring of magical power
MPRegen  0.15/turn              z - ring of resist corrosion

@: mighty, on berserk cooldown, slowed, lightly drained, very slow
A: hooves 1, molten scales 2, demonic guardian 1, powered by pain 1
a: Renounce Religion, Berserk, Trog's Hand, Brothers in Arms


You were on level 7 of the Dungeon.
You worshipped Trog.
Trog was greatly pleased with you.
You visited 2 branches of the dungeon, and saw 8 of its levels.
You also visited: Sewer.

You collected 377 gold pieces.

Inventory:

Hand Weapons
 a - a +0 hand axe of flaming (weapon)
 f - a +0 hand axe
 u - a +0 war axe
 B - the +10 arbalest of Dithmenos {flame, Str+3}
   (You found it on level 6 of the Dungeon)

   Any ammunition fired from it burns those it strikes, dealing additional fire
   damage.
   Str:       It affects your strength (+3).
Missiles
 j - 175 stones
 o - 45 poisoned darts (quivered)
 q - 7 javelins
 A - 3 boomerangs
 C - 7 atropa-tipped darts
Armour
 k - a +0 leather armour (worn)
Jewellery
 y - a ring of magical power (left hand)
 z - a ring of resist corrosion (right hand)
Scrolls
 b - 2 scrolls of acquirement {unknown}
 c - a scroll of fear {unknown}
 d - a scroll of torment {unknown}
 e - 2 scrolls of blinking
 g - 2 scrolls of enchant weapon {unknown}
 l - 2 scrolls of amnesia {unknown}
 m - a scroll of enchant armour {unknown}
 n - a scroll of vulnerability {unknown}
 s - 3 scrolls of magic mapping
 t - a scroll of identify {unknown}
 v - a scroll of holy word {unknown}
 w - a scroll of teleportation {unknown}
Potions
 h - a potion of lignification {unknown}
 i - a potion of ambrosia {unknown}
 p - 2 potions of attraction {unknown}
 r - 5 potions of curing
 x - a potion of berserk rage {unknown}
 D - a potion of invisibility {unknown}
 E - a potion of brilliance {unknown}
 F - a potion of degeneration {unknown}


   Skills:
 + Level 5.0 Fighting
 * Level 8.2 Axes
 + Level 1.4 Throwing
 + Level 3.5 Armour
 + Level 4.6 Dodging


You had 7 spell levels left.
You didn't know any spells.
Your spell library was empty.

Dungeon Overview and Level Annotations

Branches:
Dungeon (7/15)             Temple (1/1) D:6           Sewer (visited)

Altars:
Ashenzari
Dithmenos
Elyvilon
Gozag
Makhleb
Qazlal
Ru
Sif Muna
Trog
Uskayaw
Vehumet
Wu Jian
Xom
Yredelemnul
The Shining One

Shops:
D:4 [   D:5 *


Innate Abilities, Weirdness & Mutations

You have large cloven feet.
You are mostly covered in molten scales. (AC +3)
A weak demonic guardian rushes to your aid.
You sometimes gain a little power by taking damage.


Message History

You destroy the wight!
Trog accepts your kill.
Your Fighting skill increases to level 5!
You hit the wight. You kick the wight.
You destroy the wight!
Trog accepts your kill.
A wight comes into view. It is wielding a +2 war axe.
The shadow imp closely misses you.
You slash the shadow imp! You burn the shadow imp.
You kill the shadow imp!
Trog accepts your kill.
Your life force feels restored.
You feel a strong urge to attack something.
You are no longer berserk.
You are exhausted.
You feel yourself slow down.
A wight comes into view. It is wielding a +3 mace.
A wight comes into view. It is wielding a +4 falchion.
The wight completely misses you.
You hit the wight. You burn the wight. You kick the wight.
The wight is severely damaged.
The wight completely misses you. The wight barely misses you.
You slash the wight! You burn the wight.
You destroy the wight!
Trog accepts your kill. The wight hits you with a +3 mace!
* * * LOW HITPOINT WARNING * * *
Your iron imp barely misses the wight.
The wight completely misses you.
Things that are here:
a +2 war axe; a +0 robe Unknown command.
Unknown command.
It was a potion of curing.
You feel better.
Your iron imp disappears in a puff of smoke!
The wight hits you with a +3 mace!
* * * LOW HITPOINT WARNING * * *
You feel drained.
* * * LOW HITPOINT WARNING * * *
The wight hits you with a +4 falchion!
You die...

.. ..# ... ... ...
.. ..#####..
#....#. #....'
#..zz#
###..ยง@###+#######
...................
...................
.[.................
........)..........
####....).######+#.
#......# #......# #
#......###


You could see 2 wights.

Vanquished Creatures
  2 water moccasins
  3 ogres
  A sky beast (D:6)
  2 necrophages (D:5)
  A bullfrog (D:6)
  A scorpion (D:6)
  3 wights (D:7)
  A howler monkey (D:6)
  A crimson imp (D:3)
  2 hounds
  2 jellies
  Natasha (thrice) (D:3)
  A bullfrog skeleton (D:5)
  4 iguanas
  4 orc wizards
  A howler monkey zombie (D:5)
  4 gnolls (D:3)
  10 adders
  A shadow imp (D:7)
  A white imp (D:5)
  An ufetubus (D:4)
  A worm (D:4)
  5 dart slugs
  7 orcs
  8 endoplasms
  4 giant cockroaches
  6 goblins
  5 hobgoblins
  4 jackals
  7 quokkas
  11 ball pythons
  7 bats
  4 frilled lizards (D:1)
  9 kobolds
  4 rats
131 creatures vanquished.

Vanquished Creatures (others)
  A ball python (D:5)
1 creature vanquished.

Grand Total: 132 creatures vanquished

Notes
Turn   | Place    | Note
-------+----------+-------------------------------------------
     0 | D:1      | bellerephron the Demonspawn Berserker began the quest for
                  | the Orb.
     0 | D:1      | Reached XP level 1. HP: 18/18 MP: 1/1
   106 | D:1      | Found a faded altar of an unknown god.
   122 | D:1      | Reached skill level 3 in Axes
   260 | D:1      | Gained mutation: You have large cloven feet. [demonic
                  | ancestry]
   260 | D:1      | Reached XP level 2. HP: 23/24 MP: 2/2
   765 | D:1      | Reached ** piety under Trog
   771 | D:1      | Gained mutation: You are partially covered in molten
                  | scales. (AC +2) [demonic ancestry]
   771 | D:1      | Reached XP level 3. HP: 26/29 MP: 3/3
  1645 | D:2      | Gained mutation: You are mostly covered in molten scales.
                  | (AC +3) [demonic ancestry]
  1645 | D:2      | Reached XP level 4. HP: 36/36 MP: 4/4
  1897 | D:3      | Found a radiant altar of Vehumet.
  1898 | D:3      | Found a burning altar of Makhleb.
  1903 | D:3      | Reached skill level 4 in Axes
  1952 | D:3      | Reached XP level 5. HP: 42/42 MP: 5/5
  2019 | D:3      | Noticed Natasha
  2025 | D:3      | Killed Natasha
  2227 | D:3      | Noticed Natasha
  2239 | D:3      | Killed Natasha
  2639 | D:3      | Noticed Natasha
  2648 | D:3      | Killed Natasha
  2649 | D:3      | Reached skill level 5 in Axes
  2964 | D:4      | Gained mutation: You sometimes gain a little power by
                  | taking damage. [demonic ancestry]
  2964 | D:4      | Reached XP level 6. HP: 38/48 MP: 6/6
  2964 | D:4      | Found a shadowy altar of Dithmenos.
  2964 | D:4      | Found a sacrificial altar of Ru.
  3187 | D:4      | Found Zoimevin's Armour Boutique.
  3196 | D:4      | Reached *** piety under Trog
  3874 | D:4      | You fall into a shaft and drop 1 floor!
  3874 | D:5      | Entered Level 5 of the Dungeon
  3914 | D:5      | Found a glowing drain.
  3932 | Sewer    | Entered a sewer
  4153 | Sewer    | Noticed a water moccasin
  4160 | Sewer    | Killed a water moccasin
  4161 | Sewer    | Reached skill level 6 in Axes
  4161 | Sewer    | Reached XP level 7. HP: 54/54 MP: 7/7
  4950 | D:5      | Reached skill level 7 in Axes
  4962 | D:5      | Gained mutation: A weak demonic guardian rushes to your
                  | aid. [demonic ancestry]
  4962 | D:5      | Reached XP level 8. HP: 21/61 MP: 8/8
  5210 | D:5      | Found Coler's General Store.
  5513 | D:5      | Found a stormy altar of Qazlal.
  5665 | D:6      | Reached **** piety under Trog
  5881 | D:6      | Identified the +10 arbalest of Dithmenos {flame, Str+3}
  6155 | D:6      | Reached skill level 1 in Throwing
  6534 | D:6      | Reached skill level 8 in Axes
  6753 | D:6      | Found a staircase to the Ecumenical Temple.
  6762 | Temple   | Entered the Ecumenical Temple
  7076 | D:7      | Reached skill level 5 in Fighting
  7086 | D:7      | HP: 2/60 [wight (5)]
  7086 | D:7      | Mangled by a wight

Illustrated notes

Levels and vault maps discovered:
D:1:      roderic_dead_forest, layout_basic, shapermc_ecumenical_altar_venn
D:2:      layout_rooms
D:3:      layout_basic, grunt_temple_overflow_lords_of_destruction, uniq_natasha
D:4:      minmay_general_purpose_star, layout_loops_ring, jmf_multi_god_temple,
          kiku_gazebo_pond_becter, gammafunk_temple_overflow_pools,
          serial_shops, shop
D:5:      layout_gridville, nicolae_qazlal_scattered_showers, serial_shops,
          nicolae_shop_temple_entry_statues_fountains,
          cheibrodos_sewer_entry_drain, chequers_serial_rivers_micro_e
D:6:      layout_basic, temple_hall
D:7:      layout_gridville, gammafunk_ghost_split, uniq_duvessa
Temple:   dpeg_chambers_temple

Skill      XL: |  1  2  3  4  5  6  7  8 |
---------------+-------------------------+-----
Axes           | 3 4 5 6 7 8 |  8.2
Dodging        | 2 3 4 |  4.6
Armour         | 2 3 |  3.5
Fighting       | 4 5 |  5.0
Throwing       | 1 |  1.4

Action                   |  1- 3 |  4- 6 |  7- 9 || total
-------------------------+-------+-------+-------++-------
Melee: Hand axe          |    91 |   132 |   146 ||   369
       Kick              |    12 |    30 |    43 ||    85
Throw: Dart              |       |     6 |     4 ||    10
Invok: Berserk           |     3 |     4 |     5 ||    12
       Trog's Hand       |       |     1 |       ||     1
  Use: Scroll            |       |     2 |     1 ||     3
       Potion            |       |       |     1 ||     1
 Stab: Sleeping          |     1 |     1 |       ||     2
       Distracted        |       |       |     1 ||     1
Armor: Animal skin       |    16 |       |       ||    16
       Leather armour    |     3 |    41 |    44 ||    88
Dodge: Dodged            |    78 |    75 |    82 ||   235
